AoeStats
← ingeJOTHAS

Nomad

510019530Analyzed
4v4 RM · 2d ago on Sep 29, 2026· 57m 38s· 8 players
Game mode
Random Map
Map size
231×231
Population
200
Speed
Normal
Resources
Standard
Victory
Conquest
Starting age
Dark Age
Ending age
Imperial Age
RankedLock teamsTeams togetherTeam positionsShared explorationLock speedFull tech treeHidden civsTurbo modeCheats
Victory
Defeat
🇺🇸 Koreans · United States
781
+12
🇺🇸 Persians · United States
699
+15
🇺🇸 Teutons · United States
692
+15
🇺🇸 Spanish · United States
666
+16
🇲🇽 Huns · Mexico
691
-15
🇲🇽 Britons · Mexico
678
-15
🇨🇴 Franks · Colombia
676
-14
🇨🇴 Khmer · Colombia
667
-14
La Morte Noire
hunnyimhome9
7:33 Loom
16:26 Feudal Age
19:37 Wheelbarrow
18:49 Double-Bit Axe
26:03 Fishing Lines
26:31 Stone Mining
27:31 Horse Collar
28:29 Town Watch
32:10 Castle Age
33:33 Pikeman
38:33 Bow Saw
40:09 Padded Archer Armor
40:00 Fletching
44:13 Heavy Plow
46:49 Forging
46:45 Scale Barding Armor
47:27 Bloodlines
47:18 Husbandry
49:49 Hand Cart
Mike1206
5:34 Loom
18:15 Feudal Age
20:38 Double-Bit Axe
28:38 Castle Age
28:30 Forging
28:17 Horse Collar
31:26 Bow Saw
31:36 Tusk Swords
31:50 Scale Mail Armor
33:08 Wheelbarrow
33:20 Town Watch
35:29 Chain Mail Armor
35:43 Heavy Plow
43:07 Gold Mining
45:56 Imperial Age
44:07 Hand Cart
44:52 Iron Casting
46:42 Double Crossbow
47:47 Gold Shaft Mining
47:40 Fortified Wall
47:35 Capped Ram
49:15 Pikeman
49:41 Elite Ballista Elephant
53:50 Siege Ram
ingeJOTHAS
17:48 Feudal Age
25:56 Wheelbarrow
28:17 Castle Age
28:42 Light Cavalry
35:28 Coinage
34:59 Caravan
34:25 Pikeman
35:19 Forging
35:10 Scale Mail Armor
35:16 Scale Barding Armor
40:05 Imperial Age
37:52 Hand Cart
37:23 Town Watch
38:32 Iron Casting
39:41 Fortified Wall
39:27 Murder Holes
40:59 Halberdier
42:26 Guard Tower
44:40 Conscription
45:53 Town Patrol
45:57 Arson
46:13 Squires
45:58 Gambesons
46:06 Elite Skirmisher
46:16 Elite Throwing Axeman
46:40 Cavalier
runswithbeer644
4:48 Loom
15:35 Feudal Age
16:05 Fishing Lines
17:51 Double-Bit Axe
18:53 Wheelbarrow
18:13 Stone Mining
18:26 Gold Mining
25:19 Castle Age
24:01 Arson
27:32 Stone Shaft Mining
27:24 Thumb Ring
27:57 Gillnets
28:42 Medium Warships
29:42 Hand Cart
29:12 Elite Skirmisher
30:49 Forging
30:40 Scale Mail Armor
31:15 Squires
31:00 Gambesons
30:37 Pikeman
34:17 Iron Casting
35:31 Bow Saw
39:17 Imperial Age
37:56 Chain Mail Armor
39:48 Husbandry
41:51 Two-Man Saw
41:39 Heavy Warships
41:28 Clinker Construction
42:33 Chemistry
42:21 Ballistics
42:58 Halberdier
44:45 Blast Furnace
44:16 Plate Mail Armor
43:37 Fletching
43:47 Padded Archer Armor
43:54 Scale Barding Armor
45:05 Conscription
45:36 Bloodlines
47:29 Bodkin Arrow
48:01 Carvel Hull
47:55 Careening
49:45 Chain Barding Armor
49:26 Bracer
49:42 Leather Archer Armor
53:15 Dry Dock
54:55 Onager
56:18 Guilds
theTipsyAviator
4:01 Loom
16:17 Feudal Age
19:27 Double-Bit Axe
22:12 Castle Age
20:30 Forging
20:21 Scale Mail Armor
19:48 Man-at-Arms
22:54 Gold Mining
24:23 Bow Saw
23:57 Horse Collar
26:04 Long Swordsman
26:37 Fishing Lines
27:13 Fletching
32:56 Imperial Age
30:02 Pikeman
33:10 Gold Shaft Mining
33:22 Two-Handed Swordsman
37:05 Two-Man Saw
36:01 Arson
36:17 Squires
36:24 Husbandry
35:45 Light Cavalry
38:46 Conscription
38:30 Eupseong
39:55 Iron Casting
40:05 Gillnets
41:07 Heavy Plow
42:31 Chemistry
41:52 Ballistics
41:19 Arrowslits
41:30 Murder Holes
41:58 Bodkin Arrow
42:19 Chain Mail Armor
42:11 Scale Barding Armor
41:41 Crossbowman
42:40 Stone Mining
43:28 Wheelbarrow
42:42 Town Watch
43:08 Caravan
44:24 Hand Cart
44:11 Town Patrol
44:58 Champion
45:45 Elite Turtle Ship
45:49 Elite Cannon Galleon
46:48 Elite War Wagon
47:51 Shinkichon
51:36 Bracer
51:58 Chain Barding Armor
52:09 Plate Mail Armor
51:08 Elite Fire Lancer
51:17 Hussar
52:58 Siege Engineers
53:05 Masonry
53:07 Careening
53:07 Clinker Construction
53:18 Shipwright
53:04 Siphons
53:10 Fortified Wall
55:50 Guilds
56:11 Coinage
RESIST
4:45 Loom
14:44 Feudal Age
16:04 Wheelbarrow
16:46 Double-Bit Axe
16:47 Fishing Lines
22:25 Castle Age
20:37 Horse Collar
23:34 Bow Saw
25:56 Hand Cart
26:18 Gold Mining
26:48 Gillnets
35:20 Gold Shaft Mining
34:35 Stone Mining
37:06 Stone Shaft Mining
37:07 Kamandaran
37:53 Town Watch
40:42 Imperial Age
38:07 Town Watch
39:12 Heavy Plow
39:05 Crossbowman
40:53 Murder Holes
42:01 Chemistry
41:29 Conscription
41:20 Citadels
41:42 Thumb Ring
43:12 Two-Man Saw
42:50 Crop Rotation
43:00 Scale Mail Armor
43:03 Padded Archer Armor
43:28 Forging
43:09 Fletching
44:17 Scale Barding Armor
44:28 Chain Mail Armor
47:35 Pikeman
48:15 Squires
48:01 Arson
48:25 Elite War Elephant
48:55 Halberdier
49:22 Gambesons
50:48 Chain Barding Armor
50:25 Bodkin Arrow
52:16 Plate Barding Armor
52:19 Plate Mail Armor
53:39 Fervor
55:28 Heavy Scorpion
55:34 Man-at-Arms
56:25 Caravan
Cdubs33
3:53 Loom
16:51 Feudal Age
20:08 Fletching
20:19 Padded Archer Armor
20:29 Forging
20:25 Scale Barding Armor
20:19 Double-Bit Axe
20:16 Horse Collar
23:08 Forging
22:59 Scale Mail Armor
27:28 Castle Age
25:53 Gold Mining
25:55 Stone Mining
27:50 Fletching
28:00 Padded Archer Armor
28:06 Scale Barding Armor
29:10 Fishing Lines
29:34 Gambesons
29:50 Squires
29:35 Arson
31:48 Pikeman
32:44 Elite Skirmisher
34:06 Gillnets
35:28 Ironclad
42:00 Imperial Age
40:42 Wheelbarrow
41:16 Iron Casting
42:11 Hand Cart
41:43 Town Watch
43:09 Arson
45:02 Bow Saw
44:54 Heavy Plow
45:18 Conscription
46:48 Two-Man Saw
46:31 Crop Rotation
46:18 Elite Teutonic Knight
47:47 Stone Shaft Mining
48:30 Bloodlines
47:46 Cavalier
49:25 Hoardings
51:38 Blast Furnace
52:37 Town Patrol
53:04 Paladin
54:28 Caravan
55:54 Chain Barding Armor
56:06 Ballistics
56:00 Masonry
55:56 Siege Engineers
55:43 Guard Tower
56:04 Fortified Wall
55:39 Arrowslits
56:56 Chemistry
56:00 Bodkin Arrow
56:30 Chain Mail Armor
58:18 Plate Barding Armor
57:59 Leather Archer Armor
Connection lost

Rejoining the realm…

Still unreachable

The connection could not be restored.

Session expired

The server has moved on; the page needs a fresh start.